 Dungeon Crawl Stone Soup version 0.22-a0-223-g0f5d773 (webtiles) character file.

2664 4thArraOfDagon the Fighter (level 9, 0/85 HPs)
             Began as a Hill Orc Air Elementalist on Feb 18, 2018.
             Was a Believer of Beogh.
             Slain by an orc warrior
             ... wielding a +0 glaive
              (15 damage)
             ... on level 8 of the Dungeon.
             The game lasted 00:41:22 (8785 turns).

4thArraOfDagon the Fighter (HOAE)                   Turns: 8785, Time: 00:41:22

Health: 0/85       AC:  9    Str: 11    XL:     9   Next: 63%
Magic:  18/21      EV: 12    Int: 18    God:    Beogh [**....]
Gold:   204        SH:  0    Dex: 11    Spells: 11/12 levels left

rFire    . . .     SeeInvis .   A - +0 war axe
rCold    . . .     Gourm    .   (no shield)
rNeg     . . .     Faith    .   l - +0 ring mail
rPois    .         Spirit   .   x - +0 helmet
rElec    .         Reflect  .   y - +0 cloak
rCorr    .         Harm     .   (no gloves)
MR       .....                  (no boots)
Stlth    +.........             D - amulet of regeneration (curse)
HPRegen  0.64/turn              u - ring of wizardry
MPRegen  0.17/turn              H - ring of magical power

@: about to teleport, very slightly contaminated
A: no striking features
a: Smiting, Renounce Religion


You were on level 8 of the Dungeon.
You worshipped Beogh.
Beogh was pleased with you.
You were near starving.

You visited 2 branches of the dungeon, and saw 9 of its levels.

You collected 528 gold pieces.
You spent 324 gold pieces at shops.

Inventory:

Hand Weapons
 d - a +0 spear
 j - a +0 flail
 w - a +0 hand axe
 A - a +0 war axe (weapon)
Missiles
 n - a throwing net (quivered)
Armour
 a - a +0 robe
 f - a +0 plate armour of poison resistance
 h - a +0 ring mail
 l - a +0 ring mail (worn)
 x - a +0 helmet (worn)
 y - a +0 cloak (worn)
 J - a cursed -2 ring mail
Jewellery
 u - a ring of wizardry (left hand)
 D - a cursed amulet of regeneration (around neck)
 H - a ring of magical power (right hand)
 I - an uncursed amulet of the acrobat {unknown}
Scrolls
 c - a scroll of teleportation
 m - 3 scrolls of immolation {unknown}
 o - 3 scrolls of amnesia {unknown}
 p - a scroll of fear {unknown}
 q - a scroll of blinking {unknown}
 t - 2 scrolls of noise {unknown}
 B - a scroll of magic mapping {unknown}
 C - 2 scrolls of remove curse
 E - a scroll of fog {unknown}
 F - a scroll of enchant weapon {unknown}
 G - a scroll of random uselessness {unknown}
Potions
 e - a potion of haste
 g - 2 potions of heal wounds {unknown}
 i - 2 potions of lignification {unknown}
 k - a potion of degeneration {unknown}
 r - a potion of curing
 s - 2 potions of cancellation
 v - a potion of mutation {unknown}
 z - 2 potions of invisibility {unknown}
Comestibles
 b - 15 rations


   Skills:
 - Level 10.1 Fighting
 * Level 7.6 Axes
 - Level 9.0 Armour
 - Level 4.0 Dodging
 - Level 1.5 Stealth
 - Level 2.0 Spellcasting
 - Level 2.9 Conjurations
 - Level 2.4 Air Magic
 + Level 4.8 Invocations
   Level 1.0 Evocations


You had 11 spell levels left.
You knew the following spells:

 Your Spells              Type           Power        Failure   Level  Hunger
a - Shock                 Conj/Air       ##..         4%          1    #......


Dungeon Overview and Level Annotations

Branches:
Dungeon (8/15)             Temple (1/1) D:5
   Lair: D:8-11

Altars:
Ashenzari
Cheibriados
Dithmenos
Elyvilon
Fedhas
Gozag
Kikubaaqudgha
Makhleb
Nemelex Xobeh
Okawaru
Qazlal
Ru
Sif Muna
Trog
Uskayaw
Vehumet
Wu Jian
Xom
Zin
The Shining One

Shops:
D:8 =


Message History

You hit the orc warrior.
The orc warrior is heavily wounded.
You closely miss the orc warrior.
The orc warrior is heavily wounded.
The orc warrior closely misses you.
You hit the orc warrior but do no damage.
The orc warrior is heavily wounded.
You are near starving!
The orc warrior hits you with a glaive!
You slash the orc warrior!
The orc warrior is severely wounded.
The orc warrior hits you with a glaive!
An ogre comes into view. It is wielding a giant spiked club.
As you read the scroll of teleportation, it crumbles to dust.
You feel strangely unstable.
The ogre hits you with a giant spiked club!!
* * * LOW HITPOINT WARNING * * *
The orc warrior hits you with a glaive!
You die...
Beogh appreciates the orc warrior's killing of a heretic priest.

..#.......#.....# .
..#.......#.....# ...
###'#.......#'#####
##'##..................
#...............[......
#......................
#......................
#....##o#..............
#....#@)#..............
#....O..#..............
#....####..............
#......................
###'#..................
#...#................>.
#...#...........#######
#...+...........#.....'
#####...........#.....#


You could see an orc warrior and an ogre.

Vanquished Creatures
  Sigmund (D:6)
  A spriggan (D:7)
  A soldier ant (D:7)
  A black bear (D:5)
  Duvessa (D:6)
  An orc warrior (D:5)
  A sky beast (D:8)
  3 ogres
  The ghost of arkorax the Insei, an amateur DsMo of Ru (D:3)
  3 centaurs
  A big kobold (D:7)
  2 bullfrogs
  Dowan (D:6)
  2 scorpions
  3 killer bees (D:6)
  A troll zombie (D:7)
  A howler monkey (D:6)
  4 crimson imps
  A bullfrog zombie (D:5)
  2 orc priests (D:8)
  A bullfrog skeleton (D:7)
  An orc wizard (D:5)
  A worker ant (D:8)
  A mummy (D:7)
  A worker ant zombie (D:6)
  Robin (D:3)
  8 gnolls
  8 adders
  A shadow imp (D:5)
  An adder skeleton (D:6)
  3 worms
  A dart slug (D:1)
  A leopard gecko (D:4)
  44 orcs
  5 giant cockroaches
  12 goblins
  11 hobgoblins
  11 jackals
  12 kobolds
  2 quokkas
  A ball python (D:3)
  11 bats
  2 frilled lizards
  A giant cockroach zombie (D:5)
  A leopard gecko skeleton (D:6)
  An orc zombie (D:7)
  A quokka skeleton (D:4)
  2 rats
178 creatures vanquished.

Vanquished Creatures (others)
  An orc priest (D:5)
1 creature vanquished.

Grand Total: 179 creatures vanquished

Notes
Turn   | Place    | Note
-------+----------+-------------------------------------------
     0 | D:1      | 4thArraOfDagon the Hill Orc Air Elementalist began the quest for the Orb.
     0 | D:1      | Reached XP level 1. HP: 14/14 MP: 3/3
    38 | D:1      | Reached skill level 1 in Fighting
   111 | D:1      | Reached XP level 2. HP: 11/24 MP: 1/4
   131 | D:1      | Reached skill level 2 in Fighting
   907 | D:2      | Reached XP level 3. HP: 18/29 MP: 1/5
  1193 | D:2      | Found a shimmering altar of Xom.
  1449 | D:3      | Noticed Robin
  1549 | D:3      | Reached XP level 4. HP: 36/36 MP: 3/6
  1713 | D:3      | Noticed arkorax's ghost (amateur DsMo)
  1730 | D:4      | Found a sacrificial altar of Ru.
  2238 | D:5      | Entered Level 5 of the Dungeon
  2240 | D:5      | Found a stormy altar of Qazlal.
  2305 | D:5      | Noticed a centaur
  2328 | D:5      | Reached skill level 9 in Fighting
  2328 | D:5      | Reached XP level 5. HP: 5/58 MP: 8/8
  2335 | D:5      | Killed a centaur
  2335 | D:5      | Reached XP level 6. HP: 16/66 MP: 5/9
  2354 | D:5      | Reached skill level 10 in Fighting
  2459 | D:5      | Found a staircase to the Ecumenical Temple.
  2498 | Temple   | Entered the Ecumenical Temple
  2735 | D:5      | Found an iron altar of Okawaru.
  2791 | D:5      | Found a shadowy altar of Dithmenos.
  2793 | D:5      | Found a deep blue altar of Sif Muna.
  2910 | D:6      | Noticed Sigmund
  2999 | D:5      | Reached skill level 1 in Evocations
  3020 | D:6      | Found a snail-covered altar of Cheibriados.
  3020 | D:6      | Found a sacrificial altar of Ru.
  3073 | D:6      | Reached XP level 7. HP: 48/72 MP: 0/10
  3448 | D:5      | Reached skill level 1 in Axes
  3645 | D:6      | Found a bloodstained altar of Trog.
  3747 | D:5      | Became a worshipper of Beogh the Brigand
  3981 | D:3      | Killed arkorax's ghost
  3981 | D:3      | Reached XP level 8. HP: 48/79 MP: 1/11
  4101 | D:3      | Reached * piety under Beogh
  4134 | D:3      | Reached skill level 1 in Invocations
  4156 | D:3      | Killed Robin
  5475 | D:6      | Killed Sigmund
  5485 | D:6      | Found a hide-covered altar of Uskayaw.
  6229 | D:6      | Found a blossoming altar of Fedhas.
  6269 | D:6      | Noticed Dowan
  6270 | D:6      | Noticed Duvessa
  6334 | D:7      | Sergey: hello
  6361 | D:7      | 4thArraOfDagon: hey
  6420 | D:7      | Reached skill level 5 in Axes
  7074 | D:7      | Noticed a spriggan baker
  7111 | D:7      | Killed a spriggan baker
  7111 | D:7      | Reached XP level 9. HP: 36/85 MP: 2/12
  7287 | D:6      | Killed Dowan
  7509 | D:6      | Killed Duvessa
  8071 | D:8      | Reached ** piety under Beogh
  8397 | D:8      | Found Ohyfacil's Jewellery Shop.
  8402 | D:8      | Bought a cursed amulet of regeneration for 324 gold pieces
  8785 | D:8      | Slain by an orc warrior

Vault maps used:
D:1:      dpeg_arrival_chambers_temple_mockup, grunt_decor_cap
D:2:      old_standard_altar, roderic_roman_lattice
D:3:      first_ration, minmay_misc_feat_square, serial_bayou_pond_e,
          roderic_batcave, uniq_robin
D:4:      serial_park_tiny_2, nicolae_ru_awakened_eye
D:5:      okawaru_trees_1, grunt_temple_overflow_open, grunt_qazlal_clouds,
          minmay_temple_entry_mist
D:6:      kennysheep_little_box, fedhas_altar_1, gammafunk_temple_overflow_wave,
          nicolae_overflow_crystal_walls, uniq_sigmund, uniq_duvessa
D:7:      lemuel_mausoleum_altar_yredelemnul, hangedman_abyss_or_decor_passed,
          the_bakery
D:8:      serial_shops, nicolae_shop_trees, special_room
Temple:   cyrus_temple_forest

Skill      XL: |  1  2  3  4  5  6  7  8  9 |
---------------+----------------------------+-----
Fighting       | 1 2 9 10 | 10.1
Conjurations   | 2 |  2.9
Spellcasting   | 2 |  2.0
Armour         | 8 9 |  9.0
Evocations     | 1 |  1.0
Dodging        | 2 3 4 |  4.0
Axes           | 3 5 7 |  7.6
Invocations    | 3 4 |  4.8
Stealth        | |  1.5
Air Magic      | |  2.4

Action                   |  1- 3 |  4- 6 |  7- 9 || total
-------------------------+-------+-------+-------++-------
Melee: Spear             |    14 |       |       ||    14
       Flail             |    10 |    39 |    91 ||   140
       Hand axe          |       |       |    96 ||    96
       War axe           |       |       |   206 ||   206
 Cast: Shock             |    49 |    49 |   202 ||   300
Invok: Convert to Beogh  |       |       |     1 ||     1
Evoke: Wand              |       |       |    26 ||    26
  Use: Scroll            |     2 |     3 |     4 ||     9
       Potion            |       |     6 |     1 ||     7
 Stab: Sleeping          |     1 |     1 |       ||     2
       Confused          |       |       |     1 ||     1
  Eat: Chunk             |     3 |     5 |    11 ||    19
       Ration            |       |       |     4 ||     4
Armor: Robe              |    17 |       |       ||    17
       Ring mail         |       |    21 |   290 ||   311
Dodge: Dodged            |    52 |    55 |   405 ||   512

Table legend:
 A = Spawn XP
 B = Non-spawn XP
 C = Spawn XP percentage of total XP
 D = Spawn monster count
 E = Non-spawn monster count
 F = Spawn count percentage of total count
 G = Total turns spent on level
                    A         B        C        D         E        F      G
               +---------+---------+-------+---------+---------+-------+---------
         Total |       0 |    3694 |   0.0 |       0 |     178 |   0.0 |  8785
               +---------+---------+-------+---------+---------+-------+---------
           D:1 |       0 |      31 |   0.0 |       0 |      17 |   0.0 |   778
           D:2 |       0 |      33 |   0.0 |       0 |      12 |   0.0 |   658
           D:3 |       0 |     204 |   0.0 |       0 |      30 |   0.0 |   985
           D:4 |       0 |      36 |   0.0 |       0 |       8 |   0.0 |  1260
           D:5 |       0 |     898 |   0.0 |       0 |      32 |   0.0 |  1938
           D:6 |       0 |    1099 |   0.0 |       0 |      25 |   0.0 |  1569
           D:7 |       0 |     938 |   0.0 |       0 |      21 |   0.0 |   740
           D:8 |       0 |     455 |   0.0 |       0 |      33 |   0.0 |   776
               +---------+---------+-------+---------+---------+-------+---------
